 Dungeon Crawl Stone Soup version 0.26-a0-667-g92642533e4 (webtiles) character file.

Game seed: 5144024792858815921

168 Napalmbreeze the Bolt Thrower (level 5, -1/45 HPs)
             Began as a Minotaur Hunter on Oct 18, 2020.
             Was an Initiate of Okawaru.
             Slain by Grinder (4 damage)
             ... on level 3 of the Dungeon.
             The game lasted 00:04:44 (2745 turns).

Napalmbreeze the Bolt Thrower (Minotaur Hunter)     Turns: 2745, Time: 00:04:44

Health: -1/45      AC:  6    Str: 17    XL:     5   Next: 24%
Magic:  4/4        EV: 10    Int:  8    God:    Okawaru [......]
Gold:   112        SH:  0    Dex: 11    Spells: 4/4 levels left

rFire    . . .     SeeInvis .   a - +1 hand crossbow
rCold    . . .     Faith    .   (no shield)
rNeg     . . .     Spirit   .   n - +0 scale mail
rPois    .         Reflect  .   (helmet restricted)
rElec    .         Harm     .   (no cloak)
rCorr    +         Rampage  .   (no gloves)
MR       .....                  (no boots)
Stlth    ..........             (no amulet)
HPRegen  0.15/turn              l - ring of resist corrosion
MPRegen  0.09/turn              (no ring)

@: no status effects
A: retaliatory headbutt, horns 2
a: Renounce Religion


You were on level 3 of the Dungeon.
You worshipped Okawaru.
Okawaru was noncommittal.
You visited 1 branch of the dungeon, and saw 3 of its levels.

You collected 112 gold pieces.

Inventory:

Hand Weapons
 a - a +1 hand crossbow (weapon)
 b - a +1 short sword of venom
Missiles
 d - 3 bolts (quivered)
Armour
 n - a +0 scale mail (worn)
Jewellery
 l - a ring of resist corrosion (left hand)
Scrolls
 e - 3 scrolls of identify {unknown}
 g - 2 scrolls of immolation {unknown}
 j - 3 scrolls of remove curse
 k - 2 scrolls of random uselessness {unknown}
 m - a scroll of noise {unknown}
Potions
 c - a potion of brilliance {unknown}
 f - 2 potions of stabbing {unknown}
 h - a potion of might {unknown}
 i - a potion of heal wounds {unknown}


   Skills:
 + Level 3.3 Fighting
 + Level 6.9 Crossbows
 - Level 2.1 Dodging
 - Level 0.7 Stealth


You had 4 spell levels left.
You didn't know any spells.
Your spell library was empty.

Dungeon Overview and Level Annotations

Branches:
Dungeon (3/15)

Altars:
Okawaru

Annotations:
D:3 Grinder


Innate Abilities, Weirdness & Mutations

You reflexively headbutt those who attack you in melee.
You have a pair of horns on your head.


Message History

You writhe in agony.
* * * LOW HITPOINT WARNING * * *
The giant cockroach bites you but does no damage.
Grinder barely misses you. The giant cockroach barely misses you.
Grinder gestures at you.
You shrug off the repeated paralysis!
The giant cockroach bites you.
* * * LOW HITPOINT WARNING * * *
You can move again.
Unknown command.
Unknown command.
Firing (i - inventory)
d - 4 bolts (quivered)
Press: ? - help, Shift-Dir - straight line, f/p - Grinder
Aim: Grinder (almost dead, poisoned)
You shoot a bolt. The bolt hits Grinder.
Grinder is almost dead.
Grinder looks more healthy.
Grinder hits you.
* * * LOW HITPOINT WARNING * * *
You writhe in agony.
You die...

#......># # #...#...#
.## ######..##..##
#############)......
##..........##.......
##............#.......
#...(.................
#....(B.........§.....
#...)@5.((÷.(.........
#.........)...÷)......
#..................†..
##....)............†<[
##...........#.......
#######.......####..
#..###### ##. #..# ##
####


You could see Grinder and a giant cockroach.

Vanquished Creatures
  An orc wizard (D:3)
  2 orc priests (D:3)
  An adder (D:2)
  A worm (D:1)
  3 dart slugs
  A leopard gecko (D:1)
  6 orcs (D:3)
  A ball python (D:3)
  2 giant cockroaches (D:3)
  4 goblins
  9 hobgoblins
  2 quokkas (D:3)
  4 bats
  4 frilled lizards
  6 kobolds
  8 rats
55 creatures vanquished.

Notes
Turn   | Place    | Note
-------+----------+-------------------------------------------
     0 | D:1      | Napalmbreeze the Minotaur Hunter began the quest for the
                  | Orb.
     0 | D:1      | Reached XP level 1. HP: 18/18 MP: 0/0
   295 | D:1      | Reached XP level 2. HP: 24/25 MP: 1/1
   391 | D:1      | Reached skill level 5 in Crossbows
  1178 | D:2      | Reached XP level 3. HP: 30/30 MP: 2/2
  1305 | D:2      | Found an iron altar of Okawaru.
  1394 | D:2      | Became a worshipper of Warmaster Okawaru
  1726 | D:3      | Noticed Grinder
  1921 | D:3      | Reached skill level 6 in Crossbows
  1921 | D:3      | Reached XP level 4. HP: 7/37 MP: 3/3
  2502 | D:3      | Reached XP level 5. HP: 14/45 MP: 4/4
  2738 | D:3      | Paralysed by Grinder for 7 turns
  2745 | D:3      | Slain by Grinder

Illustrated notes

Levels and vault maps discovered:
D:1:      minmay_arrival_hallway, layout_basic, minmay_misc_feat_hallway,
          minmay_misc_feat_alley
D:2:      layout_basic, okawaru_metal_pillars_1_2
D:3:      layout_rooms, uniq_grinder

Skill      XL: |  1  2  3  4 |
---------------+-------------+-----
Crossbows      | 5 6 |  6.9
Fighting       | 3 |  3.3
Dodging        | |  2.1
Stealth        | |  0.7

Action                   |  1- 3 |  4- 6 || total
-------------------------+-------+-------++-------
Melee: Short sword       |     2 |    15 ||    17
       Headbutt          |       |     3 ||     3
 Fire: Hand crossbow     |    86 |    37 ||   123
  Use: Scroll            |     1 |       ||     1
Armor: Leather armour    |     5 |       ||     5
       Scale mail        |       |    19 ||    19
Dodge: Dodged            |    19 |    26 ||    45

Table legend: (Time is in decaauts)
 A = Elapsed time spent in this place.
 B = Non-inter-level travel time spent in this place.
 C = Inter-level travel time spent in this place.
 D = Time resting spent in this place.
 E = Time spent auto-exploring this place.
 F = Levels seen in this place.
 G = Mean time per level.
                   A        B        C        D        E       F      G
               +--------+--------+--------+--------+--------+-----+--------+
         Total |   2769 |   2531 |    238 |    765 |   1229 |   3 |  923.0 |
       Dungeon |   2769 |   2531 |    238 |    765 |   1229 |   3 |  923.0 |
               +--------+--------+--------+--------+--------+-----+--------+

Top non-repeatable levels by time:
     D:1: 1163 daAuts
     D:3: 812 daAuts
     D:2: 794 daAuts
